 Dungeon Crawl Stone Soup version 0.29.1-2-gbd0b4ee654 (webtiles) character file.

Game seed: 9540022427682088384

60 warriortoast the Digger (level 4, 0/25 HPs)
             Began as a Gargoyle Earth Elementalist on Nov 23, 2022.
             Slain by Natasha (3 damage)
             ... on level 2 of the Dungeon.
             The game lasted 00:02:38 (1983 turns).

warriortoast the Digger (GrEE)                      Turns: 1983, Time: 00:02:38

Health: 0/25       AC:  5    Str: 13    XL:     4   Next: 4%
Magic:  1/7        EV:  9    Int: 16    God:
Gold:   31         SH:  0    Dex: 10    Spells: 6/7 levels left

rFire   . . .      SeeInvis .   e - +0 falchion
rCold   . . .      Faith    .   (no shield)
rNeg    + . .      Spirit   .   a - +0 robe
rPois   ∞          Reflect  .   (no helmet)
rElec   +          Harm     .   (no cloak)
rCorr   .          Rampage  .   (no gloves)
Will    .....                   (no boots)
Stlth   ++........              (no amulet)
HPRegen 0.08/turn               (no ring)
MPRegen 0.10/turn               (no ring)

@: grasped by roots, constricted
A: sickness immunity, AC +3, negative energy resistance 1, electricity
resistance, torment resistance 1, petrification resistance
a: no special abilities


You were on level 2 of the Dungeon.
You visited 1 branch of the dungeon, and saw 2 of its levels.

You collected 31 gold pieces.

Inventory:

Hand Weapons
 e - a +0 falchion (weapon)
Armour
 a - a +0 robe (worn)
Jewellery
 f - a ring of positive energy
 l - an amulet of guardian spirit
Scrolls
 c - 2 scrolls of amnesia {unknown}
 d - a scroll of blinking {unknown}
 g - 2 scrolls of magic mapping {unknown}
 i - a scroll of enchant armour {unknown}
 j - a scroll of teleportation {unknown}
 k - a scroll of identify {unknown}
Potions
 b - a potion of magic
 h - a potion of might {unknown}


   Skills:
 + Level 1.2 Fighting
 + Level 2.0 Dodging
 + Level 2.8 Stealth
 + Level 2.3 Spellcasting
 + Level 1.3 Transmutations
 + Level 4.0 Earth Magic


You had 6 spell levels left.
You knew the following spells:

 Your Spells              Type           Power      Damage    Failure   Level
a - Sandblast             Erth           28%        2d8       3%          1

Your spell library contained the following spells:

 Spells                   Type           Power      Damage    Failure   Level
 Passwall                 Tmut/Erth      8%         N/A       10%         2
 Wereblood                Tmut           6%         N/A       17%         2
 Stone Arrow              Conj/Erth      16%        3d8       26%         3
 Petrify                  Tmut/Erth      10%        N/A       54%         4
 Summon Hydra             Summ           0%         N/A       100%        7
 Sublimation of Blood     Necr           Unusable   N/A       N/A         2

Dungeon Overview and Level Annotations

Branches:
Dungeon (2/15)

Altars:

Annotations:
D:2 Natasha


Innate Abilities, Weirdness & Mutations

You are immune to sickness and miasma.
Your stone body is resilient. (AC +3)
You are immune to poison.
You resist negative energy. (rN+)
You are resistant to electric shocks. (rElec)
You are resistant to unholy torment.
You are immune to petrification.


Message History

Found an amulet of guardian spirit.
The blast of sand hits the giant cockroach but does no damage.
The giant cockroach misses you.
The blast of sand hits the giant cockroach.
The giant cockroach is almost dead.
The giant cockroach bites you but does no damage.
Natasha casts a spell.
The giant cockroach barely misses you.
The blast of sand hits the giant cockroach!
You kill the giant cockroach!
Natasha completely misses you.
The blast of sand hits the iron imp but does no damage.
Natasha zaps a wand.
The roots erupt in riotous growth!
The grasping roots grab you!
Natasha is unaffected.
The iron imp is unaffected.
The grasping roots constrict you.
Natasha stares at you and mumbles some strange words.
The magic dart hits you! The grasping roots constrict you.
The iron imp hits you but does no damage.
You hear a shout!
Aiming: Sandblast (safe; 3% risk of failure)
Press: ? - help, Q - select action Shift-Dir - straight line, f - Natasha, p - iron imp
Aim: Natasha, carrying a wand of roots (12) (77% to hit)
The blast of sand hits Natasha!
Natasha is heavily wounded.
Natasha barely misses you. The grasping roots constrict you.
* * * LOW HITPOINT WARNING * * *
The iron imp hits you.
* * * LOW HITPOINT WARNING * * *
Aiming: Sandblast (safe; 3% risk of failure)
Press: ? - help, Q - select action Shift-Dir - straight line, f/p - Natasha
Aim: Natasha, carrying a wand of roots (12) (heavily wounded, 77% to hit)
The blast of sand hits Natasha.
Natasha is severely wounded.
Natasha claws you.
* * * LOW HITPOINT WARNING * * *
The grasping roots constrict you.
* * * LOW HITPOINT WARNING * * *
The iron imp barely misses you. Natasha claws you.
You die...

########....†...#
#.....[..#
#........#
##.####'## ## #+#
#.#### ... ...
#....# ....
....####'#.....
....$...........
......5@........
......h.........
............####
............#
............#
............+
............#
....".......#


You could see an iron imp (summoned) and Natasha.

Vanquished Creatures
  Natasha (D:2)
  3 bats (D:1)
  6 endoplasms (D:1)
  4 giant cockroaches
  2 hobgoblins (D:1)
  2 kobolds (D:1)
  3 quokkas (D:1)
  5 ball pythons (D:1)
  A frilled lizard (D:1)
  4 goblins (D:1)
  3 rats (D:1)
34 creatures vanquished.

Notes
Turn   | Place    | Note
-------+----------+-------------------------------------------
     0 | D:1      | warriortoast the Gargoyle Earth Elementalist began the
                  | quest for the Orb.
     0 | D:1      | Reached XP level 1. HP: 10/10 MP: 3/3
   249 | D:1      | Reached XP level 2. HP: 9/16 MP: 0/5
   412 | D:1      | Reached skill level 1 in Transmutations
   945 | D:1      | Reached XP level 3. HP: 20/20 MP: 4/6
  1129 | D:1      | Found a faded altar of an unknown god.
  1183 | D:1      | Reached skill level 1 in Fighting
  1876 | D:2      | Noticed Natasha
  1881 | D:2      | Killed Natasha
  1882 | D:2      | Reached skill level 4 in Earth Magic
  1882 | D:2      | Reached XP level 4. HP: 18/25 MP: 4/7
  1976 | D:2      | Noticed Natasha
  1983 | D:2      | Slain by Natasha

Illustrated notes

Levels and vault maps discovered:
D:1:      dreamdust_arrival_sigmund_warning, layout_loops_corners,
          basic_ecumenical_altar, serial_co_window_serial, co_window_paths_a,
          co_window_paths_b, co_window_paths_b, co_window_paths_b,
          co_window_paths_a, co_window_paths_a, co_window_corner_a,
          co_window_paths_a, co_window_paths_a, co_window_paths_c,
          co_window_paths_c, co_window_cross_2, co_window_broadway_b,
          co_window_2corner, glass_columns_b, glass_columns_a, glass_columns_a,
          glass_columns_a, glass_columns_b, roderic_serpentine_path,
          minmay_misc_feat_roman
D:2:      layout_basic, uniq_natasha, uniq_robin

Skill      XL: |  1  2  3 |
---------------+----------+-----
Transmutations | 1 |  1.3
Fighting       | 1 |  1.2
Dodging        | 2 |  2.0
Earth Magic    | 4 |  4.0
Stealth        | |  2.8
Spellcasting   | |  2.3

Action                   |  1- 3 |  4- 6 || total
-------------------------+-------+-------++-------
Melee: Unarmed           |     2 |       ||     2
 Cast: Sandblast         |    43 |     6 ||    49
Armor: Robe              |     3 |     2 ||     5
Dodge: Dodged            |     8 |     5 ||    13
